 Dungeon Crawl Stone Soup version 0.30-a0-364-gf6b3ef1049 (webtiles) character file.

Game seed: 1794411447447244994

3 Manisia the Caller (level 1, -4/10 HPs)
             Began as a Tengu Summoner on Nov 15, 2022.
             Slain by a quokka (5 damage)
             ... on level 1 of the Dungeon.
             The game lasted 00:01:06 (232 turns).

Manisia the Caller (Tengu Summoner)                  Turns: 232, Time: 00:01:07

Health: -4/10      AC:  2    Str:  8    XL:     1   Next: 50%
Magic:  1/4        EV: 12    Int: 15    God:
Gold:   53         SH:  0    Dex: 14    Spells: 3/4 levels left

rFire   . . .      SeeInvis .    (no weapon)
rCold   . . .      Faith    .    (no shield)
rNeg    . . .      Spirit   .    a - +0 robe
rPois   .          Reflect  .    (helmet restricted)
rElec   .          Harm     .    (no cloak)
rCorr   .          Rampage  .    (no gloves)
Will    .....                    (boots unavailable)
Stlth   ++........               (no amulet)
HPRegen 0.21/turn                (no ring)
MPRegen 0.09/turn                (no ring)

@: no status effects
A: beak, talons 3
a: no special abilities


You were on level 1 of the Dungeon.
You visited 1 branch of the dungeon, and saw 1 of its levels.

You collected 53 gold pieces.

Inventory:

Missiles
 c - 5 stones
Armour
 a - a +0 robe (worn)
Potions
 b - a potion of magic
 d - a potion of degeneration {unknown}


   Skills:
 + Level 2.2 Dodging
 - Level 2.0 Stealth
 + Level 2.0 Spellcasting
 - Level 5.0 Summonings


You had 3 spell levels left.
You knew the following spells:

 Your Spells              Type           Power      Damage    Failure   Level
a - Summon Small Mammal   Summ           64%        N/A       2%          1

Your spell library contained the following spells:

 Spells                   Type           Power      Damage    Failure   Level
 Call Imp                 Summ           16%        N/A       4%          2
 Call Canine Familiar     Summ           16%        N/A       9%          3
 Beastly Appendage        Tmut           2%         N/A       22%         1
 Sting                    Tmut/Pois      4%         1d3       22%         1
 Summon Guardian Golem    Hex/Summ       9%         N/A       24%         3
 Poisonous Vapours        Pois/Air       2%         N/A       32%         2
 Wereblood                Tmut           1%         N/A       32%         2
 Spider Form              Tmut/Pois      1%         N/A       54%         3
 Summon Lightning Spire   Summ/Air       9%         N/A       61%         4
 Olgreb's Toxic Radiance  Pois           1%         N/A       91%         4


Dungeon Overview and Level Annotations

Branches:
Dungeon (1/15)

Altars:


Innate Abilities, Weirdness & Mutations

You have a beak for a mouth.
You have claws for feet.


Message History

Things that are here:
a +0 club; a goblin corpse You see here a rat corpse.
Your rat disappears in a puff of smoke!
Your rat disappears in a puff of smoke!
d - a smoky puce potion You now have 53 gold pieces (gained 14).
You enter the shallow water.
Moving in this stuff is going to be slow.
A quokka comes into view.
A quokka is nearby!
Casting: Summon Small Mammal (safe; 2% risk of failure)
Confirm with . or Enter, or press ? or * to list all spells.
The quokka twitches its whiskers.
Casting: Summon Small Mammal (safe; 2% risk of failure)
Confirm with . or Enter, or press ? or * to list all spells.
Something misses your bat. Something bites your bat.
Your bat dies!
Your bat's corpse disappears in a puff of smoke!
The quokka barely misses you.
Your bat hits the quokka but does no damage.
Your bat hits the quokka but does no damage.
Your bat misses the quokka. The quokka bites your bat.
Your bat hits the quokka but does no damage.
The quokka bites you.
Your bat misses the quokka.
Your bat closely misses the quokka.
The quokka bites you.
Your bat hits the quokka but does no damage.
The quokka bites you.
Casting: Summon Small Mammal (safe; 2% risk of failure)
Confirm with . or Enter, or press ? or * to list all spells.
Your bat closely misses the quokka.
The quokka barely misses you. The quokka bites you.
* * * LOW HITPOINT WARNING * * *
Your bat closely misses the quokka.
Your bat closely misses the quokka.
Your bat misses the quokka. The quokka bites you.
Ouch! That really hurt!
You die...

.~~##..##~~~# #~##~#
~.......#~~~###~##~#
..#..####~#~~####~~#
..#.## #~#~~##.#~~#
###.## ####~~#.#~~#
.....# #~~#.#~## #
###..# #~~#.#~# ..#
##..# #~##.#b#b...#
##...##
##~#..@r.....#
#.....##
#~~###########
.......# ##~~#
.......###~~##
.........~~~#
......###.~##
#.....###.~#
.......##.##
..........#


You could see a quokka (ally target) and 2 friendly bats.

Vanquished Creatures
  A ball python (D:1)
1 creature vanquished.

Vanquished Creatures (collateral kills)
  A goblin (D:1)
  A bat (D:1)
  A rat (D:1)
3 creatures vanquished.

Grand Total: 4 creatures vanquished

Notes
Turn   | Place    | Note
-------+----------+-------------------------------------------
     0 | D:1      | Manisia the Tengu Summoner began the quest for the Orb.
     0 | D:1      | Reached XP level 1. HP: 10/10 MP: 4/4
   130 | D:1      | Reached skill level 5 in Summonings
   232 | D:1      | Slain by a quokka

Illustrated notes

Levels and vault maps discovered:
D:1:      roderic_crossed_star, layout_rooms, serial_rivers,
          chequers_serial_rivers_large_b, chequers_serial_rivers_small_b,
          chequers_serial_rivers_micro_c, chequers_serial_rivers_micro_c,
          chequers_serial_rivers_small_3, serial_bayou_crossing

Skill      XL: |  1 |
---------------+----+-----
Summonings     | 5 |  5.0
Dodging        | |  2.2
Stealth        | |  2.0
Spellcasting   | |  2.0

Action                   || total
-------------------------++-------
Melee: Unarmed           ||     1
       Kick              ||     1
 Cast: Summon Small Mamm ||     8
Armor: Robe              ||     1
Dodge: Dodged            ||     8

Table legend: (Time is in decaauts)
 A = Elapsed time spent in this place.
 B = Non-inter-level travel time spent in this place.
 C = Inter-level travel time spent in this place.
 D = Time resting spent in this place.
 E = Time spent auto-exploring this place.
 F = Levels seen in this place.
 G = Mean time per level.
                   A        B        C        D        E       F      G
               +--------+--------+--------+--------+--------+-----+--------+
         Total |    258 |    258 |      0 |      0 |    190 |   1 |  258.0 |
       Dungeon |    258 |    258 |      0 |      0 |    190 |   1 |  258.0 |
               +--------+--------+--------+--------+--------+-----+--------+

Top non-repeatable levels by time:
     D:1: 258 daAuts
